 Dungeon Crawl Stone Soup version 0.30-a0-778-g2ef04afb54 (webtiles) character file.

Game seed: 7499652663825065689

51 Leeroy the Slasher (level 3, 0/18 HPs)
             Began as a Vine Stalker Warper on Feb 16, 2023.
             Hit by a goblin thrown by Robin (1 damage)
             ... on level 2 of the Dungeon.
             The game lasted 00:01:33 (940 turns).

Leeroy the Slasher (Vine Stalker Warper)             Turns: 940, Time: 00:01:34

Health: 0/18       AC:  3    Str: 13    XL:     3   Next: 83%
Magic:  0/7        EV: 11    Int: 13    God:
Gold:   69         SH:  0    Dex: 15    Spells: 6/6 levels left

rFire   . . .      SeeInvis .    a - +0 falchion
rCold   . . .      Faith    .    (no shield)
rNeg    . . .      Spirit   +    b - +0 leather armour
rPois   .          Reflect  .    (no helmet)
rElec   .          Harm     .    (no cloak)
rCorr   .          Rampage  .    (no gloves)
Will    .....                    (no boots)
Stlth   +                        (no amulet)
HPRegen 0.23/turn                (no ring)
MPRegen 0.10/turn                (no ring)

@: lethally poisoned (0 -> -5)
A: fangs 2, magic shield, antimagic bite, no potion heal 2
a: no special abilities


You were on level 2 of the Dungeon.
You visited 1 branch of the dungeon, and saw 2 of its levels.

You collected 95 gold pieces.
You spent 26 gold pieces at shops.

Inventory:

Hand Weapons
 a - a +0 falchion (weapon)
Missiles
 d - 7 boomerangs of dispersal (quivered)
Armour
 b - a +0 leather armour (worn)
Scrolls
 c - a scroll of blinking
 f - a scroll of poison
 j - a scroll of vulnerability
 k - a scroll of enchant weapon {unknown}
Potions
 e - a potion of mutation {unknown}
 g - a potion of curing {unknown}
 h - 2 potions of might {unknown}
 i - a potion of cancellation {unknown}


   Skills:
 - Level 1.7 Fighting
 + Level 3.6 Long Blades
 - Level 0.8 Throwing
 - Level 0.7 Armour
 - Level 1.5 Dodging
 - Level 2.1 Spellcasting
 - Level 3.0 Translocations


You had 6 spell levels left.
You didn't know any spells.
Your spell library contained the following spells:

 Spells                   Type           Power      Damage    Failure   Level
 Blink                    Tloc           18%        N/A       14%         2
 Lesser Beckoning         Tloc           18%        N/A       14%         2
 Momentum Strike          Conj/Tloc      10%        3d8       26%         2
 Teleport Other           Tloc           9%         N/A       28%         3
 Vhi's Electric Charge    Tloc/Air       10%        N/A       45%         3
 Manifold Assault         Tloc           9%         N/A       67%         4


Dungeon Overview and Level Annotations

Branches:
Dungeon (2/15)

Altars:

Shops:
D:1 ?

Annotations:
D:2 Robin


Innate Abilities, Weirdness & Mutations

You have extremely sharp teeth.
When hurt, damage is shared between your health and your magic reserves.
Your bite disrupts and absorbs the magic of your enemies.
Potions cannot restore your health.


Message History

You hit the adder but do no damage. You bite the adder. You drain its power.
You feel invigorated.
The adder is moderately wounded.
The adder barely misses you.
Robin zaps a wand.
The roots erupt in riotous growth!
The grasping roots grab you!
The adder is unaffected.
The goblin is unaffected.
The grasping roots constrict you.
A hobgoblin comes into view.
The goblin hits you but does no damage. The adder bites you.
The hobgoblin shouts!
You hit the adder.
The adder is heavily wounded.
Robin barely misses you. The grasping roots constrict you.
The goblin hits you but does no damage.
A goblin comes into view. It is wielding a +0 dagger.
The adder closely misses you. The goblin closely misses you.
Robin hits you from afar with a +0 spear.
The grasping roots constrict you.
The goblin moves out of view.
You slash the goblin!
You kill the goblin!
The adder bites you but does no damage.
Robin's bangles clink loudly.
Robin hits you from afar with a +0 spear.
* * * LOW HITPOINT WARNING * * *
The grasping roots constrict you.
* * * LOW HITPOINT WARNING * * *
The adder bites you but does no damage.
You escape the roots grasp.
The adder attacks as you move away! The adder bites you.
* * * LOW HITPOINT WARNING * * *
Things that are here:
a +0 dagger; a goblin corpse You barely miss the adder.
Your bite misses the adder.
The adder is heavily wounded.
The adder bites you.
* * * LOW HITPOINT WARNING * * *
You are lethally poisoned!
The adder poisons you! Robin throws the goblin at you!
You die...

.....g#
#...)...#####..
......#
##.##.##........
##.##.#
...##...........
##.##.#
###.##.##........
...##.#
#.##.##.#####..
.####.# #.......#
.####.# #.##.####
.g....# #.g..#
g###### #@#### .#
#######S# .#######
#..gg..†#
...†gg.###.#.##g##
.#####g.........
## #..#######.
#..# .# #..# .
#..# ##


You could see Robin, an adder and a goblin.

Vanquished Creatures
  A worm (D:2)
  3 dart slugs
  A ball python (D:1)
  2 endoplasms (D:1)
  A giant cockroach (D:1)
  9 goblins
  3 hobgoblins
  4 jackals
  A kobold (D:2)
  A quokka (D:1)
  3 bats
  2 frilled lizards (D:2)
  6 rats (D:1)
37 creatures vanquished.

Notes
Turn   | Place    | Note
-------+----------+-------------------------------------------
     0 | D:1      | Leeroy the Vine Stalker Warper began the quest for the Orb.
     0 | D:1      | Reached XP level 1. HP: 11/11 MP: 4/4
    75 | D:1      | Reached XP level 2. HP: 14/15 MP: 6/6
   203 | D:1      | Found Zuzommag's Magic Scroll Shoppe.
   212 | D:1      | Bought a scroll of identify for 26 gold pieces
   507 | D:2      | Reached XP level 3. HP: 18/18 MP: 7/7
   730 | D:2      | Noticed Robin
   940 | D:2      | Hit by a goblin thrown by Robin

Illustrated notes

Levels and vault maps discovered:
D:1:      wander_arrival_estate, layout_rooms, serial_shops, shop,
          minmay_pentomino_w2
D:2:      layout_loops_cross, minmay_3d_cube, uniq_natasha, uniq_robin

Skill      XL: |  1  2 |
---------------+-------+-----
Long Blades    | 2 3 |  3.6
Fighting       | |  1.7
Throwing       | |  0.8
Armour         | |  0.7
Dodging        | |  1.5
Spellcasting   | |  2.1
Translocations | |  3.0

Action                     || total
---------------------------++-------
  Melee: Falchion          ||   116
         Bite              ||    33
         Punch             ||     2
    Use: Scroll            ||     2
 Armour: Leather armour    ||    40
  Dodge: Dodged            ||    87

Table legend: (Time is in decaauts)
 A = Elapsed time spent in this place.
 B = Non-inter-level travel time spent in this place.
 C = Inter-level travel time spent in this place.
 D = Time resting spent in this place.
 E = Time spent auto-exploring this place.
 F = Levels seen in this place.
 G = Mean time per level.
                   A        B        C        D        E       F      G
               +--------+--------+--------+--------+--------+-----+--------+
         Total |    961 |    958 |      3 |    161 |    486 |   2 |  480.5 |
       Dungeon |    961 |    958 |      3 |    161 |    486 |   2 |  480.5 |
               +--------+--------+--------+--------+--------+-----+--------+

Top non-repeatable levels by time:
     D:1: 626 daAuts
     D:2: 334 daAuts
